Map: Ice and Chrome LE

Players

liquidthermy (uThermal)

  • Race: Terran Terran
  • Spawn Location: 7:00

HeroMarine - Winner!

  • Race: Terran Terran
  • League: Master
  • Spawn Location: 1:00

Event: DreamHack SC2 Masters 2020 Summer Europe

VOD

Have the link to the VOD?

Description

Time

  • Played on: July 11, 2020, 11:02 a.m.
  • Length: 11:01

All games in this series

Show
View Real Time Build Order
Export as new Build Order

liquidthermy Terran 

Build Orders: 2 Factory, Mech 

Get SALT Encoding   

  12  0:02  SCV  
  13  0:14  SCV  
  13  0:18  Supply Depot  
  14  0:26  SCV  
  14  0:28  Refinery  
  15  0:39  SCV  
  16  0:44  Barracks  
  16  0:52  SCV  
  16  0:55  Refinery  
  17  1:04  SCV  
  18  1:16  SCV  
  19  1:31  Reaper, Orbital Command  
  20  1:33  Supply Depot  
  20  1:47  Factory  
  20  1:56  SCV  
  21  2:03  Reaper  
  22  2:08  SCV  
  23  2:20  SCV  
  24  2:30  Hellion  
  24  2:33  SCV  
  24  2:35  Command Center  
  27  2:38  Barracks Tech Lab  
  27  2:43  Supply Depot  
  27  2:45  SCV  
  28  2:57  SCV  
  29  3:04  Mag-Field Accelerator, Cyclone  
  32  3:09  SCV  
  33  3:17  Factory  
  33  3:21  SCV, Barracks Tech Lab  
  34  3:33  SCV, Refinery  
  34  3:37  Cyclone  
  37  3:45  SCV  
  37  3:47  Orbital Command  
  38  3:57  SCV  
  39  4:05  Cyclone  
  39  4:09  SCV, Cyclone  
  46  4:12  SCV  
  47  4:19  Supply Depot  
  47  4:22  SCV  
  48  4:24  SCV  
  49  4:34  SCV  
  50  4:39  SCV  
  50  4:40  Command Center  
  50  4:44  Cyclone  
  54  4:47  SCV, Cyclone  
  54  4:51  SCV  
  56  4:57  Barracks Reactor  
  56  4:59  SCV, Starport  
  56  5:00  Refinery  
  56  5:06  SCV  
  57  5:13  SCV, Supply Depot x2  
  58  5:18  SCV  
  59  5:25  SCV  
  59  5:28  Supply Depot  
  60  5:30  SCV  
  60  5:32  Engineering Bay  
  60  5:35  Siege Tank x2  
  67  5:38  SCV  
  63  5:42  SCV  
  63  5:46  Factory  
  63  5:48  Barracks Reactor  
  63  5:50  SCV  
  63  5:54  SCV, Orbital Command  
  65  6:00  Viking x2  
  65  6:02  SCV  
  70  6:07  SCV  
  70  6:10  Siege Tank  
  74  6:11  Refinery  
  74  6:14  SCV, Refinery  
  74  6:15  Siege Tank  
  78  6:19  SCV  
  78  6:20  Missile Turret  
  78  6:21  SCV  
  80  6:26  SCV  
  80  6:31  SCV  
  80  6:32  Viking  
  84  6:34  Viking, SCV  
  84  6:39  SCV  
  86  6:44  SCV  
  86  6:45  Siege Tank  
  89  6:50  SCV  
  89  6:51  SCV  
  88  6:56  SCV  
  89  7:02  SCV, Missile Turret  
  89  7:05  Siege Tank  
  93  7:09  Hellion  
  93  7:11  SCV, Hellion  
  93  7:12  SCV  
  93  7:15  SCV  
  100  7:17  Supply Depot  
  100  7:23  SCV  
  100  7:27  Supply Depot  
  101  7:35  Armory x2  
  101  7:39  SCV x3, Siege Tank  
  101  7:40  Supply Depot  
  101  7:42  Hellion  
  109  7:48  Siege Tank  
  109  7:49  Supply Depot  
  109  7:50  Supply Depot, Sensor Tower  
  109  7:51  SCV x3  
  115  7:55  Viking  
  117  7:59  Supply Depot  
  117  8:02  Viking  
  117  8:03  SCV x2, Supply Depot  
  117  8:04  Hellion x2  
  125  8:10  SCV  
  126  8:15  Factory  
  126  8:16  Factory, Siege Tank  
  129  8:20  SCV  
  129  8:22  Terran Vehicle Weapons Level 1  
  129  8:23  Terran Vehicle And Ship Armor Level 1  
  129  8:24  Supply Depot  
  129  8:26  Infernal Pre-Igniter  
  130  8:29  Hellion x2  
  130  8:31  SCV  
  133  8:47  Command Center  
  133  8:49  Siege Tank  
  133  8:50  Hellion  
  133  8:51  Hellion  
  133  8:53  Hellion  
  132  9:01  Factory Tech Lab  
  132  9:02  SCV  
  123  9:05  SCV x2  
  114  9:10  Hellion  
  114  9:11  Siege Tank  
  114  9:14  SCV  
  114  9:15  Missile Turret x2  
  118  9:17  SCV  
  118  9:19  SCV  
  118  9:21  Siege Tank  
  118  9:23  Medivac x2  
  127  9:25  Hellion  
  127  9:30  SCV, Hellion  
  131  9:33  SCV  
  130  9:40  Hellion, Siege Tank  
  130  9:44  Missile Turret  
  135  9:46  Missile Turret  
  135  9:48  Hellion, Siege Tank  
  135  9:51  Hellion  
  125  9:54  Hellion  
  102  10:03  Viking  
  106  10:11  Factory Reactor  
  106  10:12  Hellion, Siege Tank  
  106  10:14  Liberator  
  109  10:15  Hellion, Siege Tank  
  109  10:18  Missile Turret  
  109  10:20  Hellion  
  119  10:35  Hellion  
  108  10:37  Hellion  
Show
View Real Time Build Order
Export as new Build Order

HeroMarine Terran - Winner!

Build Orders:  

Get SALT Encoding   

  12  0:00  SCV  
  13  0:12  SCV  
  14  0:17  Supply Depot  
  14  0:25  SCV  
  14  0:27  Refinery  
  15  0:38  SCV  
  16  0:44  Barracks  
  16  0:50  SCV  
  16  0:56  Refinery  
  17  1:03  SCV  
  18  1:15  SCV  
  19  1:30  Orbital Command  
  19  1:31  Reaper  
  20  1:34  Factory  
  20  1:43  Supply Depot  
  20  1:56  SCV  
  21  2:03  Reaper  
  21  2:08  SCV  
  23  2:18  Hellion  
  23  2:20  SCV  
  26  2:27  Command Center  
  26  2:32  SCV  
  26  2:35  Barracks Reactor  
  27  2:40  Factory Tech Lab  
  27  2:41  Supply Depot  
  27  2:44  SCV  
  27  2:50  Starport  
  28  2:56  SCV  
  29  3:03  Cyclone  
  32  3:08  SCV  
  32  3:12  Marine x2  
  35  3:20  SCV  
  35  3:21  Refinery  
  36  3:29  Starport Tech Lab  
  36  3:30  Marine x2  
  36  3:33  SCV  
  39  3:39  Cyclone, Orbital Command  
  42  3:45  SCV  
  43  3:56  Raven  
  43  3:57  SCV  
  43  3:59  Marine x2  
  43  4:00  Supply Depot  
  48  4:05  SCV  
  48  4:09  SCV  
  50  4:11  Siege Tank  
  53  4:17  SCV  
  53  4:22  SCV  
  55  4:28  Command Center  
  55  4:31  SCV  
  54  4:34  SCV  
  55  4:38  Supply Depot  
  55  4:39  Raven  
  55  4:43  SCV  
  58  4:46  SCV  
  58  4:55  SCV  
  58  4:56  Siege Tank  
  62  5:00  SCV, Marine x2  
  62  5:03  Supply Depot  
  65  5:07  SCV  
  65  5:12  SCV  
  65  5:18  Marine x2  
  65  5:19  SCV  
  68  5:22  Raven  
  68  5:24  SCV  
  68  5:25  Refinery  
  71  5:31  SCV  
  71  5:33  Siege Tank  
  75  5:35  Marine x2  
  75  5:36  SCV  
  75  5:42  Orbital Command  
  78  5:43  SCV  
  78  5:48  SCV  
  80  5:51  Barracks  
  80  5:54  Barracks  
  80  5:55  SCV  
  81  5:58  Engineering Bay  
  81  5:59  Engineering Bay  
  81  6:01  SCV  
  82  6:05  Siege Tank  
  82  6:08  SCV, Orbital Command  
  86  6:13  SCV  
  86  6:14  Starport Reactor  
  87  6:19  Stimpack, Marauder  
  87  6:20  SCV  
  87  6:25  SCV  
  90  6:26  Barracks  
  90  6:27  Barracks  
  90  6:31  Terran Infantry Weapons Level 1  
  90  6:32  SCV, Terran Infantry Armor Level 1  
  91  6:37  SCV  
  92  6:42  Barracks Reactor  
  92  6:43  Supply Depot  
  92  6:44  SCV  
  92  6:45  Marauder  
  93  6:49  SCV  
  93  6:50  SCV  
  93  6:53  Supply Depot  
  95  6:54  Marine x2  
  95  6:55  Medivac  
  95  6:56  Medivac  
  101  7:03  Supply Depot  
  101  7:05  SCV x3  
  107  7:12  Supply Depot, Marauder  
  107  7:14  Marine x2, Barracks Tech Lab x2  
  111  7:17  SCV x3  
  111  7:19  Refinery x2  
  111  7:21  Supply Depot  
  114  7:26  Supply Depot  
  114  7:29  SCV x3  
  117  7:31  Marine x3  
  117  7:34  Concussive Shells, Combat Shield, Marauder x2  
  117  7:36  Marine x2  
  123  7:37  Medivac  
  123  7:38  Medivac  
  130  7:49  Supply Depot, Marine x2  
  130  7:50  Supply Depot, Marauder  
  131  7:53  Marine, Siege Tank  
  131  7:54  Marine  
  131  7:55  Marauder  
  131  7:56  Marauder  
  140  8:06  Armory  
  140  8:07  Marine x2  
  140  8:09  Command Center  
  140  8:11  Marauder, Marine x2  
  146  8:16  Marauder  
  146  8:17  Marine  
  148  8:20  Medivac  
  148  8:21  Medivac  
  148  8:25  Marine  
  148  8:26  Marine  
  154  8:28  Supply Depot x2  
  154  8:29  Marine x2  
  154  8:33  Marauder  
  158  8:36  Marauder  
  158  8:38  Marauder  
  156  8:42  Marine  
  156  8:45  Marine  
  156  8:47  Marine x2, Siege Tank  
  162  8:54  Marauder  
  160  8:57  Marauder  
  160  9:01  Marauder  
  149  9:08  Medivac x2  
  146  9:15  Marauder  
  146  9:16  Marine x3  
  151  9:17  Barracks  
  151  9:18  Marauder, Marine, Barracks x2  
  151  9:23  Marauder  
  156  9:33  Marine  
  156  9:34  Marine x2  
  156  9:36  Marine  
  156  9:37  Marauder  
  158  9:39  Marine  
  158  9:43  Marine  
  160  9:51  Marine x2  
  160  9:52  Marine  
  136  9:54  Marine  
  136  9:56  Medivac x2, Siege Tank  
  136  9:58  Marauder x2  
  135  10:01  SCV x3, Marine  
  135  10:06  Barracks Reactor, Barracks Tech Lab  
  135  10:07  Barracks Tech Lab  
  136  10:09  Marine  
  136  10:13  SCV x3  
  140  10:14  Marine x3  
  140  10:19  Marauder  
  140  10:20  Marauder x2  
  149  10:25  SCV x3  
  150  10:29  Marauder  
  150  10:33  Marauder  
  141  10:37  SCV  
  141  10:38  Marine x2  
  141  10:39  Marine x2  
  141  10:42  Marine x2  
Tags
 
Add a new tag
Caveats
  • Supply blocks, unpowered buildings, or Contaminate may cause inaccurate times.
  • Supply counts are checked every 10 seconds.